 Dungeon Crawl Stone Soup version 0.23.2-30-g0e89c35649 (webtiles) character file.

Game seed: 9383571648837426998

1549 HASTUR3 the Thaumaturge (level 8, 58/58 HPs)
             Began as a Gnoll Wizard on June 16, 2019.
             Was a Follower of Cheibriados.
             Quit the game on level 6 of the Dungeon.
             The game lasted 00:40:12 (5538 turns).

HASTUR3 the Thaumaturge (Gnoll Wizard)              Turns: 5538, Time: 00:40:13

Health: 58/58      AC:  8    Str: 17    XL:     8   Next: 87%
Magic:  20/20      EV: 10    Int: 25    God:    Cheibriados [*.....]
Gold:   235        SH:  0    Dex: 14    Spells: 10/23 levels left

rFire    + + .     SeeInvis .   p - +1 whip (venom)
rCold    x . .     Gourm    .   (no shield)
rNeg     + + .     Faith    .   C - +2 scale mail {rF+}
rPois    .         Spirit   .   b - +0 hat
rElec    .         Reflect  .   l - scarf {cloud immunity}
rCorr    .         Harm     .   k - +2 pair of gloves
MR       .....                  (no boots)
Stlth    +.........             (no amulet)
HPRegen  0.19/turn              z - ring of wizardry
MPRegen  0.17/turn              v - ring "Wejiosot" {Fire rN++ Str+3 Dex-2}

@: studying Short Blades, very heavily drained, very slow
A: distributed training, fangs 1, blink, deformed body, sense surroundings 1,
screaming 1, strong nose
a: Blink, Bend Time, Renounce Religion


You were on level 6 of the Dungeon.
You worshipped Cheibriados.
Cheibriados was aware of your devotion.
You were very hungry.

You visited 2 branches of the dungeon, and saw 8 of its levels.

You collected 235 gold pieces.

Inventory:

Hand Weapons
 g - a +1 spear
 p - a +1 whip of venom (weapon)
 t - a +0 hunting sling of velocity
 w - a +0 blowgun
 B - a +0 rapier
Missiles
 r - 7 sling bullets
 s - 6 tomahawks (quivered)
 x - 16 poisoned needles
Armour
 b - a +0 hat (worn)
 k - a +2 pair of gloves (worn)
 l - a scarf of cloud immunity (worn)
 C - a +2 scale mail of fire resistance (worn)
Jewellery
 a - an uncursed amulet of harm
 f - a +5 ring of slaying
 u - an uncursed ring of protection from magic
 v - the ring "Wejiosot" (right hand) {Fire rN++ Str+3 Dex-2}
   (You found it on level 6 of the Dungeon)

   [ring of fire]

   It enhances your fire magic.
   It affects your strength (+3).
   It affects your dexterity (-2).
   It protects you from fire.
   It makes you vulnerable to cold.
   It greatly protects you from negative energy.
 z - a ring of wizardry (left hand)
Scrolls
 c - 2 scrolls of enchant weapon
 h - a scroll of remove curse
 j - a scroll of amnesia
 m - a scroll of teleportation {unknown}
 n - 2 scrolls of magic mapping
Potions
 e - a potion of heal wounds
 i - 2 potions of agility
 q - 2 potions of degeneration {unknown}
Books
 o - a manual of Short Blades
Comestibles
 d - 5 rations


   Skills:
 + Level 3.5(0.6) Fighting
 + Level 4.7(1.7) Short Blades
 + Level 3.5(0.6) Long Blades
 + Level 3.5(0.6) Axes
 + Level 3.5(0.6) Maces & Flails
 + Level 3.5(0.6) Polearms
 + Level 3.5(0.6) Staves
 + Level 3.5(0.6) Slings
 + Level 3.5(0.6) Bows
 + Level 3.5(0.6) Crossbows
 + Level 3.5(0.6) Throwing
 + Level 3.5(0.6) Armour
 + Level 5.9(2.8) Dodging
 + Level 5.5(2.5) Stealth
 + Level 3.5(0.6) Shields
 + Level 3.5(0.6) Unarmed Combat
 + Level 8.0(4.8) Spellcasting
 + Level 3.7(0.7) Conjurations
 + Level 2.9(0.1) Hexes
 + Level 2.9(0.1) Charms
 + Level 3.7(0.7) Summonings
 + Level 2.9(0.1) Necromancy
 + Level 3.7(0.7) Translocations
 + Level 2.9(0.1) Transmutations
 + Level 2.9(0.1) Fire Magic
 + Level 2.9(0.1) Ice Magic
 + Level 2.9(0.1) Air Magic
 + Level 2.9(0.1) Earth Magic
 + Level 2.9(0.1) Poison Magic
 + Level 3.9(1.0) Invocations
 + Level 3.5(0.6) Evocations


You had 10 spell levels left.
You knew the following spells:

 Your Spells              Type           Power        Failure   Level  Hunger
a - Magic Dart            Conj           #...         9%          1    None
b - Blink                 Tloc           N/A          13%         2    None
c - Call Imp              Summ           #.......     13%         2    None
d - Slow                  Hex            #.......     17%         2    None
e - Conjure Flame         Conj/Fire      ##......     28%         3    ##.....
f - Mephitic Cloud        Conj/Pois/Air  #.......     30%         3    ##.....

Your spell library contained the following spells:

 Spells                   Type           Power        Failure   Level  Hunger
 Freeze                   Ice            #...         12%         1    None
 Throw Frost              Conj/Ice       #.....       16%         2    None
 Ozocubu's Armour         Chrm/Ice       #.......     32%         3    ##.....
 Summon Ice Beast         Ice/Summ       #.......     65%         4    ####...
 Throw Icicle             Conj/Ice       #.......     65%         4    ####...


Dungeon Overview and Level Annotations

Branches:
Dungeon (7/15)             Temple (1/1) D:5

Altars:
Ashenzari
Cheibriados
Dithmenos
Elyvilon
Fedhas
Gozag
Hepliaklqana
Nemelex Xobeh
Okawaru
Qazlal
Ru
Sif Muna
Trog
Uskayaw
Vehumet
Wu Jian
Xom
Yredelemnul
The Shining One

Shops:
D:5 =


Innate Abilities, Weirdness & Mutations

Your experience applies equally to all skills.
You have very sharp teeth.
Your uncanny sense of smell can sniff out nearby items.
You can translocate small distances at will.
Armour fits poorly on your strangely shaped body.
You passively map a small area around you.
You occasionally shout uncontrollably at your foes.


Message History

The crimson imp is heavily wounded.
The crimson imp barely misses you.
You hit the crimson imp. You bite the crimson imp.
You kill the crimson imp!
Cheibriados appreciates the change of pace.
v - a clouded iron ring
There are no items here.
There's nothing to open nearby.
Put on which piece of jewellery? (? for menu, Esc to quit)
You're wearing all the rings you can.
Remove which one? (? for menu, Esc to cancel) < or
z - a ring of wizardry; > or
f - a +5 ring of slaying You remove your +5 ring of slaying.
You feel more attuned to fire.
You feel stronger.
You feel clumsy.
v - the ring "Wejiosot" (right hand) {Fire rN++ Str+3 Dex-2} Quiver which item? (- for none, * to show all) (? for menu, Esc to quit)
Okay, then.
Are you sure you want to abandon this character and quit the game? (Confirm with "yes".)

.(..##....<............)...)...##
##..##.........[...#...#######...
##.....................# ##.
....................#.##########.
##.#####..........[....##ยง.z..#..
#...............................#
........#####...................#
.#.....##, ,##.#...............>#
......## ##.@...............#
.....## , ##......).........#
.....# , , , #.............?..#
.....# , #................#
.....#, #...............## .....#
, #........#.....## .#...#
#.#......####### .##..#
,,,#........### , , ##..#.#....# *


There were no monsters in sight!

Vanquished Creatures
  Edmund (D:5)
  Duvessa (D:7)
  A sky beast (D:5)
  An ice beast (D:5)
  3 ogres (D:5)
  Dowan (D:7)
  2 scorpions (D:5)
  4 wights (D:6)
  3 crimson imps
  A jelly (D:7)
  A hound (D:5)
  2 orc wizards (D:3)
  Jessica (D:2)
  3 worker ants
  A hound zombie (D:5)
  A worker ant zombie (D:6)
  4 gnolls
  11 adders
  3 shadow imps
  2 oozes
  2 worms
  4 dart slugs
  3 leopard geckos
  5 orcs
  3 giant cockroaches
  6 hobgoblins
  2 jackals (D:3)
  14 kobolds
  5 quokkas
  2 ball pythons
  8 bats
  4 frilled lizards
  9 goblins
  A leopard gecko zombie (D:5)
  A quokka skeleton (D:5)
  6 rats
122 creatures vanquished.

Vanquished Creatures (collateral kills)
  Natasha (twice) (D:2)
  A hound zombie (D:5)
  A goblin (D:2)
  A frilled lizard (D:2)
5 creatures vanquished.

Grand Total: 127 creatures vanquished

Notes
Turn   | Place    | Note
-------+----------+-------------------------------------------
     0 | D:1      | HASTUR3 the Gnoll Wizard began the quest for the Orb.
     0 | D:1      | Reached XP level 1. HP: 13/13 MP: 8/8
     2 | D:1      | Noticed a dwarf
     2 | D:1      | Noticed a formicid
     4 | D:1      | Noticed an elf
     6 | D:1      | Noticed a merfolk
     6 | D:1      | Noticed a centaur
     8 | D:1      | Noticed a vampire
    10 | D:1      | Noticed a felid
    10 | D:1      | Noticed a human
    12 | D:1      | Noticed a gargoyle
    12 | D:1      | Noticed a tengu
    14 | D:1      | Noticed a troll
    14 | D:1      | Noticed an ogre
    16 | D:1      | Noticed a naga
    16 | D:1      | Noticed a halfling
    18 | D:1      | Noticed a spriggan
    18 | D:1      | Noticed an octopode
    20 | D:1      | Noticed a draconian
    22 | D:1      | Noticed a minotaur
    22 | D:1      | Noticed a vine stalker
    24 | D:1      | Noticed a demigod
    26 | D:1      | Noticed a ghoul
    26 | D:1      | Noticed a demonspawn
    81 | D:1      | Reached XP level 2. HP: 19/19 MP: 0/10
   221 | D:1      | Learned a level 2 spell: Blink
   224 | D:1      | Learned a level 2 spell: Call Imp
   227 | D:1      | Learned a level 2 spell: Slow
   377 | D:1      | Reached XP level 3. HP: 25/25 MP: 8/11
   732 | D:2      | Noticed Jessica
   738 | D:2      | Killed Jessica
   738 | D:2      | Reached skill level 1 in Invocations
   768 | D:2      | Reached skill level 1 in Fighting
   768 | D:2      | Reached skill level 1 in Short Blades
   768 | D:2      | Reached skill level 1 in Long Blades
   768 | D:2      | Reached skill level 1 in Axes
   768 | D:2      | Reached skill level 1 in Maces & Flails
   768 | D:2      | Reached skill level 1 in Polearms
   768 | D:2      | Reached skill level 1 in Staves
   768 | D:2      | Reached skill level 1 in Slings
   768 | D:2      | Reached skill level 1 in Bows
   768 | D:2      | Reached skill level 1 in Crossbows
   768 | D:2      | Reached skill level 1 in Throwing
   768 | D:2      | Reached skill level 1 in Armour
   768 | D:2      | Reached skill level 1 in Shields
   768 | D:2      | Reached skill level 1 in Unarmed Combat
   768 | D:2      | Reached skill level 1 in Evocations
   790 | D:2      | Reached XP level 4. HP: 32/32 MP: 9/13
   808 | D:2      | Learned a level 3 spell: Conjure Flame
   812 | D:2      | Learned a level 3 spell: Mephitic Cloud
   848 | D:2      | Noticed Natasha
   854 | D:2      | Killed Natasha
   982 | D:2      | Reached skill level 1 in Hexes
   982 | D:2      | Reached skill level 1 in Charms
   982 | D:2      | Reached skill level 1 in Necromancy
   982 | D:2      | Reached skill level 1 in Transmutations
   982 | D:2      | Reached skill level 1 in Fire Magic
   982 | D:2      | Reached skill level 1 in Ice Magic
   982 | D:2      | Reached skill level 1 in Air Magic
   982 | D:2      | Reached skill level 1 in Earth Magic
   982 | D:2      | Reached skill level 1 in Poison Magic
  1224 | D:2      | Reached XP level 5. HP: 27/37 MP: 10/14
  1532 | D:2      | Noticed Natasha
  1544 | D:2      | Killed Natasha
  2379 | D:3      | Reached XP level 6. HP: 35/44 MP: 16/16
  2846 | D:3      | Reached skill level 5 in Dodging
  2893 | D:3      | Gained mutation: Armour fits poorly on your strangely
                  | shaped body. [potion of mutation]
  2893 | D:3      | Gained mutation: You occasionally shout uncontrollably at
                  | your foes. [potion of mutation]
  2893 | D:3      | Gained mutation: You passively map a small area around you.
                  | [potion of mutation]
  2893 | D:3      | Gained mutation: You can translocate small distances at
                  | will. [potion of mutation]
  2978 | D:4      | Found an ornate altar of the Wu Jian Council.
  3015 | D:4      | Found an iron altar of Okawaru.
  3277 | D:5      | Entered Level 5 of the Dungeon
  3375 | D:5      | Reached XP level 7. HP: 26/50 MP: 16/18
  3462 | D:5      | Found a staircase to the Ecumenical Temple.
  3485 | Temple   | Entered the Ecumenical Temple
  3607 | Temple   | Became a worshipper of Cheibriados the Contemplative
  3777 | D:5      | Noticed Edmund
  3805 | D:5      | Killed Edmund
  3872 | D:5      | Reached skill level 5 in Stealth
  4182 | D:5      | Reached XP level 8. HP: 51/57 MP: 14/19
  4191 | D:5      | Reached * piety under Cheibriados
  4247 | D:5      | Found Pofy's Jewellery Shoppe.
  4387 | D:5      | Found a blossoming altar of Fedhas.
  4387 | D:5      | Found a white marble altar of Elyvilon.
  4392 | D:5      | Found a stormy altar of Qazlal.
  4394 | D:5      | Found a glowing golden altar of the Shining One.
  4395 | D:5      | Found a faded altar of an unknown god.
  4625 | D:7      | Noticed Duvessa
  4628 | D:7      | Noticed Dowan
  4638 | D:7      | Killed Duvessa
  4658 | D:7      | Killed Dowan
  4658 | D:7      | Reached skill level 8 in Spellcasting
  5535 | D:6      | Got a clouded iron ring
  5537 | D:6      | Identified the ring "Wejiosot" {Fire rN++ Str+3 Dex-2} (You
                  | found it on level 6 of the Dungeon)
  5538 | D:6      | Quit the game

Skill      XL: |  1  2  3  4  5  6  7  8 |
---------------+-------------------------+-----
Conjurations   | 2 3 |  3.7
Summonings     | 2 3 |  3.7
Translocations | 2 3 |  3.7
Invocations    | 1 2 3 |  3.9
Fighting       | 1 2 3 |  3.5
Short Blades   | 1 2 3 4 |  4.7
Long Blades    | 1 2 3 |  3.5
Axes           | 1 2 3 |  3.5
Maces & Flails | 1 2 3 |  3.5
Polearms       | 1 2 3 |  3.5
Staves         | 1 2 3 |  3.5
Slings         | 1 2 3 |  3.5
Bows           | 1 2 3 |  3.5
Crossbows      | 1 2 3 |  3.5
Throwing       | 1 2 3 |  3.5
Armour         | 1 2 3 |  3.5
Shields        | 1 2 3 |  3.5
Unarmed Combat | 1 2 3 |  3.5
Evocations     | 1 2 3 |  3.5
Hexes          | 1 2 |  2.9
Charms         | 1 2 |  2.9
Necromancy     | 1 2 |  2.9
Transmutations | 1 2 |  2.9
Fire Magic     | 1 2 |  2.9
Ice Magic      | 1 2 |  2.9
Air Magic      | 1 2 |  2.9
Earth Magic    | 1 2 |  2.9
Poison Magic   | 1 2 |  2.9
Dodging        | 5 |  5.9
Stealth        | 5 |  5.5
Spellcasting   | 8 |  8.0

Action                   |  1- 3 |  4- 6 |  7- 9 || total
-------------------------+-------+-------+-------++-------
Melee: Club              |     3 |       |       ||     3
       Spear             |    22 |    32 |    11 ||    65
       Bite              |     3 |    11 |    20 ||    34
       Whip              |       |   107 |   114 ||   221
       Rapier            |       |       |     8 ||     8
 Fire: Fustibalus        |       |     8 |       ||     8
       Hunting sling     |       |     3 |    19 ||    22
       Blowgun           |       |       |    19 ||    19
Throw: Tomahawk          |       |       |     7 ||     7
 Cast: Magic Dart        |    37 |    71 |    36 ||   144
       Slow              |     3 |       |     1 ||     4
       Call Imp          |       |     5 |       ||     5
       Mephitic Cloud    |       |     1 |     1 ||     2
       Conjure Flame     |       |     1 |     3 ||     4
       Blink             |       |       |    12 ||    12
 Abil: Blink             |       |       |     8 ||     8
  Use: Scroll            |     1 |     4 |     4 ||     9
       Potion            |       |     9 |     3 ||    12
 Stab: Sleeping          |     2 |     4 |     3 ||     9
       Confused          |       |       |     2 ||     2
  Eat: Chunk             |       |     8 |     4 ||    12
Armor: Robe              |    10 |    22 |    22 ||    54
       Scale mail        |       |       |    14 ||    14
Dodge: Dodged            |    16 |    80 |    87 ||   183
